 Dungeon Crawl Stone Soup version 0.25-a0-189-gf71692caf1 (webtiles) character file.

Game seed: 17127554131154329802, levelgen mode: deterministic

157 Denox the Gusty (level 5, 0/35 HPs)
             Began as a Human Air Elementalist on Nov 29, 2019.
             Slain by an orc wizard
             ... wielding a +0 dagger
              (5 damage)
             ... on level 2 of the Dungeon.
             The game lasted 00:15:37 (2644 turns).

Denox the Gusty (Human Air Elementalist)            Turns: 2644, Time: 00:15:37

Health: 0/35       AC:  6    Str: 12    XL:     5   Next: 66%
Magic:  19/19      EV: 12    Int: 16    God:
Gold:   117        SH:  0    Dex: 13    Spells: 5/11 levels left

rFire    + . .     SeeInvis .   f - +0 short sword
rCold    + . .     Gourm    .   (no shield)
rNeg     . . .     Faith    .   a - +0 robe
rPois    .         Spirit   .   o - +0 helmet of the Salmon {rF+ rC+ rCorr}
rElec    .         Reflect  .   e - +2 cloak
rCorr    +         Harm     .   (no gloves)
MR       .....                  (no boots)
Stlth    +.........             h - amulet of magic regeneration
HPRegen  0.11/turn              b - +3 ring of strength
MPRegen  0.41/turn              k - ring of magical power

@: confused, sluggish, hasted
A: no striking features
a: no special abilities


You were on level 2 of the Dungeon.
You were not hungry.

You visited 1 branch of the dungeon, and saw 3 of its levels.

You collected 117 gold pieces.

Inventory:

Hand Weapons
 f - a +0 short sword (weapon)
Missiles
 g - 118 stones (quivered)
Armour
 a - a +0 robe (worn)
 e - a +2 cloak (worn)
 o - the +0 helmet of the Salmon (worn) {rF+ rC+ rCorr}
   (You took it off Robin on level 3 of the Dungeon)

   It protects you from fire.
   It protects you from cold.
   It provides partial protection from all sources of acid and corrosion.
Jewellery
 b - a +3 ring of strength (left hand)
 h - an amulet of magic regeneration (around neck)
 k - a ring of magical power (right hand)
 l - a cursed amulet of inaccuracy {unknown}
Scrolls
 j - a scroll of identify
Comestibles
 c - 8 rations


   Skills:
 - Level 2.0 Dodging
 + Level 3.3 Stealth
 * Level 3.8 Spellcasting
 - Level 1.0 Conjurations
 + Level 3.8 Air Magic


You had 5 spell levels left.
You knew the following spells:

 Your Spells              Type           Power        Failure   Level  Hunger
a - Shock                 Conj/Air       ##..         6%          1    None
b - Swiftness             Chrm/Air       #.......     12%         2    ##.....
c - Static Discharge      Conj/Air       ##......     19%         3    ###....

Your spell library contained the following spells:

 Spells                   Type           Power        Failure   Level  Hunger
 Airstrike                Air            ###.......   34%         4    ####...
 Lightning Bolt           Conj/Air       ##........   87%         5    ######.


Dungeon Overview and Level Annotations

Branches:
Dungeon (3/15)

Altars:


Message History

You closely miss something.
You feel less confused.
You hear some strange, mumbled words.
You are confused.
The ooze closely misses you.
You bump into the rock wall.
Something hits you but does no damage. The ooze hits you but does no damage.
You barely miss the ooze.
The ooze is lightly wounded.
You hear some strange, mumbled words.
A magic dart appears from out of thin air!
The magic dart hits you.
* * * LOW HITPOINT WARNING * * *
The ooze hits you.
* * * LOW HITPOINT WARNING * * *
You're too confused to cast spells.
You closely miss the ooze.
The ooze is lightly wounded.
You bump into the rock wall.
Something hits you.
You die...

##########..#.## ##
#.........)...#
.######.########..#.#
........#### ##÷##.#
.#####÷....####...#.#
.# #..........#...#
.#####..##.####...###
........##.# ##{##
.#####.###.# #@# )#
#...#.# #J#
.#####...#.# #>#
.....>...#.## #.#
............####.#
###..............#
#.........######
####.).#### #...#


You could see an ooze.

Vanquished Creatures
  An orc wizard (D:2)
  Robin (D:3)
  An adder (D:2)
  2 oozes
  A worm (D:1)
  3 dart slugs
  2 leopard geckos (D:3)
  10 orcs
  2 ball pythons (D:2)
  5 bats (D:1)
  3 giant cockroaches
  21 goblins
  5 hobgoblins
  4 jackals
  A quokka (D:2)
  2 frilled lizards
  8 kobolds
  4 rats
76 creatures vanquished.

Notes
Turn   | Place    | Note
-------+----------+-------------------------------------------
     0 | D:1      | Denox the Human Air Elementalist began the quest for the
                  | Orb.
     0 | D:1      | Reached XP level 1. HP: 13/13 MP: 3/3
   146 | D:1      | Reached XP level 2. HP: 19/19 MP: 3/5
   325 | D:1      | Learned a level 2 spell: Swiftness
   595 | D:1      | Reached XP level 3. HP: 24/24 MP: 6/6
   981 | D:2      | Learned a level 3 spell: Static Discharge
  1027 | D:2      | Reached XP level 4. HP: 30/30 MP: 8/8
  1574 | D:2      | Reached XP level 5. HP: 35/35 MP: 10/10
  2106 | D:3      | Identified the +0 helmet of the Salmon {rF+ rC+ rCorr}
  2106 | D:3      | Noticed Robin
  2129 | D:3      | Killed Robin
  2644 | D:2      | Slain by an orc wizard

Levels and vault maps discovered:
D:1:      roderic_crossed_star, layout_rooms, minmay_misc_feat_enclosed,
          minmay_misc_feat_cross
D:2:      layout_loops_ring
D:3:      layout_loops_cross, first_ration, nicolae_gozag_seed_capital,
          uniq_robin

Skill      XL: |  1  2  3  4 |
---------------+-------------+-----
Spellcasting   | 3 |  3.8
Stealth        | 3 |  3.3
Dodging        | |  2.0
Conjurations   | |  1.0
Air Magic      | |  3.8

Action                   |  1- 3 |  4- 6 || total
-------------------------+-------+-------++-------
Melee: Short sword       |    16 |   115 ||   131
 Cast: Shock             |    65 |    31 ||    96
       Swiftness         |       |     1 ||     1
  Use: Scroll            |     3 |     3 ||     6
       Potion            |     1 |     5 ||     6
 Stab: Sleeping          |     1 |     4 ||     5
  Eat: Chunk             |     1 |     5 ||     6
Armor: Robe              |    13 |    46 ||    59
Dodge: Dodged            |    28 |    76 ||   104

Table legend:
 A = Non-vault XP
 B = Vault XP
 C = Vault XP percentage of total XP
 D = Non-vault monster count
 E = Vault monster count
 F = Vault count percentage of total count
                 A         B        C        D         E       F
            +---------+---------+-------+---------+---------+-------
      Total |     191 |      34 |  15.1 |      65 |      11 |  14.5
            +---------+---------+-------+---------+---------+-------
        D:1 |      55 |       0 |   0.0 |      25 |       0 |   0.0
        D:2 |      97 |       0 |   0.0 |      23 |       0 |   0.0
        D:3 |      39 |      34 |  46.6 |      17 |      11 |  39.3
            +---------+---------+-------+---------+---------+-------
